AoeStats
← CMD_UnknowN

Enclosed

505525465Analyzed
1v1 RM · 22d ago on Sep 9, 2026· 37m 55s· 2 players
Game mode
Random Map
Map size
Tiny (2 player)
Population
200
Speed
Normal
Resources
Standard
Victory
Conquest
Starting age
Dark Age
Ending age
Imperial Age
RankedLock teamsTeams togetherTeam positionsShared explorationLock speedFull tech treeHidden civsTurbo modeCheats
Victory
Defeat
🇦🇺 Koreans · Australia
1268
+17
🇺🇸 Byzantines · United States
1293
-17
altrnate15
6:11 Loom
8:27 Feudal Age
8:57 Double-Bit Axe
12:32 Horse Collar
13:04 Fletching
15:31 Town Watch
21:47 Castle Age
22:25 Bodkin Arrow
23:00 Bow Saw
25:08 Gold Mining
28:10 Wheelbarrow
28:22 Stone Mining
32:36 Fortified Wall
33:00 Heavy Plow
34:02 Murder Holes
34:17 Masonry
33:48 Treadmill Crane
34:29 Ballistics
37:40 Imperial Age
36:22 Gold Shaft Mining
36:25 Hand Cart
37:11 Eupseong
38:11 Town Patrol
CMD_UnknowN
7:27 Loom
10:03 Feudal Age
14:28 Double-Bit Axe
14:24 Horse Collar
16:40 Fletching
25:43 Castle Age
28:09 Scale Barding Armor
31:06 Light Cavalry
33:12 Husbandry
34:19 Forging
34:30 Chain Barding Armor
Connection lost

Rejoining the realm…

Still unreachable

The connection could not be restored.

Session expired

The server has moved on; the page needs a fresh start.